 Dungeon Crawl Stone Soup version 0.27.1-4-g1640c2035a (webtiles) character file.

Game seed: 17211255638510300826

1 Stomo444 the Magician (level 1, -1/15 HPs)
             Began as a Djinni Fire Elementalist on Nov 9, 2021.
             Frozen to death by an endoplasm (7 damage)
             ... on level 1 of the Dungeon.
             The game lasted 00:00:36 (61 turns).

Stomo444 the Magician (Djinni Fire Elementalist)      Turns: 61, Time: 00:00:40

Health: -1/15      AC:  2    Str:  7    XL:     1   Next: 22%
Gold:   0          EV: 12    Int: 16    God:
                   SH:  0    Dex: 13

rFire    + + .     SeeInvis .   (no weapon)
rCold    x . .     Faith    .   (no shield)
rNeg     . . .     Spirit   .   a - +0 robe
rPois    ∞         Reflect  .   (no helmet)
rElec    .         Harm     .   (no cloak)
rCorr    .         Rampage  .   (no gloves)
Will     .....                  (boots unavailable)
Stlth    ++........             (no amulet)
HPRegen  0.05/turn              (no ring)
MPRegen  0.00/turn              (no ring)

@: flying
A: sickness immunity, fire resistance 2, cold vulnerability 1, float, innate
caster, hp casting, extra vitality 1
a: no special abilities


You were on level 1 of the Dungeon.
You visited 1 branch of the dungeon, and saw 1 of its levels.

Inventory:

Armour
 a - a +0 robe (worn)
Scrolls
 b - a scroll of vulnerability {unknown}


   Skills:
 + Level 2.2 Dodging
 + Level 1.5 Stealth
 + Level 2.4 Spellcasting


You couldn't memorise any spells.
You knew the following spells:

 Your Spells              Type           Power      Damage    Failure   Level
a - Foxfire               Conj/Fire      36%        2x1d5     7%          1
b - Conjure Flame         Conj/Fire      9%         6-21      22%         3
c - Inner Flame           Hex/Fire       9%         N/A       22%         3
d - Sticky Flame          Conj/Fire      9%         2d3       56%         4
e - Fireball              Conj/Fire      4%         3d4       89%         5
Your spell library was empty.

Dungeon Overview and Level Annotations

Branches:
Dungeon (1/15)

Altars:


Innate Abilities, Weirdness & Mutations

You are immune to sickness and miasma.
You are immune to poison.
Your flesh is very heat resistant. (rF++)
You are vulnerable to cold. (rC-)
You float through the air rather than walking.
You learn spells naturally, not from books.
Your magical power is your life essence.
You have superior vitality. (+4 HP)


Message History

Okay, then.
Your foxfire dissipates!
The foxfire hits the hobgoblin.
The hobgoblin is lightly wounded.
The hobgoblin hits you.
Casting: Foxfire (safe; 8% risk of failure)
Press: ? - help, Q - select action Dir - look around, f - activate Look: a hobgoblin (lightly wounded)
You conjure some foxfire!
The hobgoblin closely misses you.
The foxfire hits the hobgoblin.
The hobgoblin is severely wounded.
The foxfire hits the hobgoblin but does no damage.
The hobgoblin is severely wounded.
Casting: Foxfire (safe; 8% risk of failure)
Press: ? - help, Q - select action Dir - look around, f - activate Look: a hobgoblin (severely wounded)
You conjure some foxfire!
The hobgoblin barely misses you.
The foxfire hits the hobgoblin.
The hobgoblin is almost dead.
The foxfire hits the hobgoblin.
You kill the hobgoblin!
Casting: Foxfire (safe; 7% risk of failure)
Press: ? - help, Q - select action Dir - look around, f - activate You conjure some foxfire!
Casting: Foxfire (safe; 7% risk of failure)
Press: ? - help, Q - select action Dir - look around, f - activate
Okay, then.
The foxfire hits the endoplasm.
The endoplasm is lightly wounded.
The foxfire hits the endoplasm.
The endoplasm is heavily wounded.
Casting: Foxfire (safe; 7% risk of failure)
Press: ? - help, Q - select action Dir - look around, f - activate Look: an endoplasm (heavily wounded)
You conjure some foxfire!
The endoplasm freezes you.
You are frozen!
You feel a terrible chill!
You die...

........≈≈≈≈≈≈##.#
..............+..#
#######.......+..#
#..≈≈≈≈≈##.#######
#++##≈≈≈≈≈........
#≈≈≈≈≈.#...###
#≈≈≈≈≈.#...#
##≈≈≈vJ# ..#
≈≈≈≈≈##@# ..#
≈≈≈## #v# J. ...
..# ... ## ####


You could see an endoplasm (ally target).

Vanquished Creatures
  A hobgoblin (D:1)
1 creature vanquished.

Vanquished Creatures (others)
  7 foxfires (D:1)
7 creatures vanquished.

Grand Total: 8 creatures vanquished

Notes
Turn   | Place    | Note
-------+----------+-------------------------------------------
     0 | D:1      | Stomo444 the Djinni Fire Elementalist began the quest for
                  | the Orb.
     0 | D:1      | Reached XP level 1. HP: 15/15 MP: 0/0
    61 | D:1      | Frozen to death by an endoplasm

Illustrated notes

Levels and vault maps discovered:
D:1:      sevenhm_arrival_forest_fort_large_1, layout_basic

Action                   || total
-------------------------++-------
 Cast: Foxfire           ||     5
Armor: Robe              ||     1
Dodge: Dodged            ||     2
